Map: Cactus Valley LE (Void)

Players

Javert - Winner!

  • Race: Zerg Zerg
  • League: Grandmaster

Spartan

  • Race: Zerg Zerg
  • League: Grandmaster

VOD

Have the link to the VOD?

Description

Time

  • Played on: June 13, 2015, 2:07 a.m.
  • Length: 2:18
Show
View Real Time Build Order
Export as new Build Order

Javert Zerg - Winner!

Build Orders: 3 Hatch before Pool 

Get SALT Encoding   

  12  0:01  Drone  
  13  0:12  Overlord  
  13  0:23  Drone  
  14  0:34  Drone x2  
  16  0:39  Drone  
  17  0:54  Hatchery  
  16  1:00  Drone  
  16  1:02  Drone  
  18  1:23  Hatchery  
  17  1:29  Drone  
  17  1:30  Drone  
  17  1:31  Drone  
  20  1:38  Extractor  
  19  1:59  Spawning Pool  
  19  2:00  Drone x2  
  19  2:05  Drone  
Show
View Real Time Build Order
Export as new Build Order

Spartan Zerg 

Build Orders: Hatch First 

Get SALT Encoding   

  12  0:02  Drone  
  13  0:12  Overlord  
  13  0:19  Drone  
  14  0:30  Drone x2  
  16  0:36  Drone  
  17  0:45  Drone  
  18  1:10  Hatchery  
  17  1:12  Drone  
  18  1:24  Spawning Pool  
  17  1:27  Extractor  
  17  1:29  Extractor  
Tags
 
Add a new tag
Caveats
  • Supply blocks, unpowered buildings, or Contaminate may cause inaccurate times.
  • Supply counts are checked every 10 seconds.